 Dungeon Crawl Stone Soup version 0.30-a0-125-g51eefa89be (webtiles) character file.

Game seed: 9677490074951355698

53 ragingrage the Firebug (level 3, -1/29 HPs)
             Began as a Demonspawn Cinder Acolyte on Sept 18, 2022.
             Was a High Priest of Ignis.
             Slain by an orc
             ... wielding a +0 flail of holy wrath
              (4 damage)
             ... on level 2 of the Dungeon.
             The game lasted 00:02:07 (1961 turns).

ragingrage the Firebug (Demonspawn Cinder Acolyte)  Turns: 1961, Time: 00:02:08

Health: -1/29      AC:  5    Str: 13 (16) XL:     3   Next: 64%
Magic:  2/4        EV: 14    Int: 12 (15) God:    Ignis [*****.]
Gold:   116        SH:  0    Dex:  7 (8)  Spells: 2/4 levels left

rFire   + . .      SeeInvis .    a - -1 spear (flame)
rCold   . . .      Faith    .    (no shield)
rNeg    + . .      Spirit   .    f - +0 ring mail
rPois   .          Reflect  .    (no helmet)
rElec   .          Harm     .    (no cloak)
rCorr   .          Rampage  .    (no gloves)
Will    .....                    (no boots)
Stlth   ..........               c - amulet of magic regeneration
HPRegen 0.09/turn                m - +4 ring of evasion
MPRegen 0.49/turn                j - ring of positive energy

@: no status effects
A: powered by death 1
a: Renounce Religion, Fiery Armour, Foxfire Swarm, Rising Flame


You were on level 2 of the Dungeon.
You worshipped Ignis.
Ignis was extremely pleased with you.
You visited 1 branch of the dungeon, and saw 3 of its levels.

You collected 116 gold pieces.

Inventory:

Hand Weapons
 a - a -1 spear of flaming (weapon)
 i - a +2 antimagic mace
Missiles
 e - 6 poisoned darts (quivered)
Armour
 b - a +0 robe
 f - a +0 ring mail (worn)
Jewellery
 c - an amulet of magic regeneration (around neck)
 j - a ring of positive energy (right hand)
 m - a +4 ring of evasion (left hand)
Wands
 p - a wand of charming (7)
Scrolls
 d - a scroll of magic mapping {unknown}
 h - 4 scrolls of identify {unknown}
 k - a scroll of torment {unknown}
 l - a scroll of vulnerability {unknown}
 n - a scroll of enchant armour {unknown}
 o - a scroll of blinking {unknown}


   Skills:
 - Level 3.0 Fighting
 + Level 3.5 Polearms
 - Level 1.0 Spellcasting
 + Level 3.5 Fire Magic


You had 2 spell levels left.
You knew the following spells:

 Your Spells              Type           Power      Damage    Failure   Level
a - Scorch                Fire           18%        2d6       24%         2

Your spell library contained the following spells:

 Spells                   Type           Power      Damage    Failure   Level
 Blink                    Tloc           0%         N/A       69%         2
 Portal Projectile        Hex/Tloc       0%         N/A       89%         3
 Tukima's Dance           Hex            0%         N/A       89%         3
 Manifold Assault         Tloc           0%         N/A       100%        4
 Blade Hands              Tmut           0%         N/A       100%        5
 Storm Form               Tmut/Air       0%         N/A       100%        7


Dungeon Overview and Level Annotations

Branches:
Dungeon (3/15)

Altars:


Innate Abilities, Weirdness & Mutations

You regenerate a little health from kills.


Message History

You hit the orc but do no damage.
The orc hits you with a +0 flail of holy wrath!
You convulse.
You hit the orc but do no damage.
The orc hits you with a +0 flail of holy wrath.
* * * LOW HITPOINT WARNING * * *
You convulse.
* * * LOW HITPOINT WARNING * * *
It was a potion of degeneration.
There was something very wrong with that liquid.
You feel weakened.
You feel dopey.
You feel clumsy. The orc misses you.
Unknown command.
It was a potion of curing.
You feel better.
The orc hits you with a +0 flail of holy wrath.
You convulse.
It was a potion of cancellation.
You feel magically purged. The orc barely misses you.
Casting: Scorch (quite dangerous; 24% risk of failure)
Confirm with . or Enter, or press ? or * to list all spells.
The spell is quite dangerous to miscast (24% risk of failure)!
Continue anyway?
Okay, then.
Unknown command.
Unknown command.
Casting: Scorch (quite dangerous; 24% risk of failure)
Confirm with . or Enter, or press ? or * to list all spells.
The spell is quite dangerous to miscast (24% risk of failure)!
Continue anyway?
Flames lash the orc.
The orc is severely wounded.
The orc's fire resistance burns away.
The orc misses you.
You hit the orc but do no damage.
The orc is severely wounded.
The orc hits you with a +0 flail of holy wrath!
* * * LOW HITPOINT WARNING * * *
You convulse.
* * * LOW HITPOINT WARNING * * *
You barely miss the orc.
The orc is severely wounded.
The orc hits you with a +0 flail of holy wrath.
You die...

##.#######..<#......).#.##.#
...#.........#.....<#.#.##.#
.###.######..)..#.###.#.##.#
...............)#.###.#.##.#
.###.##.######.>[.......##.#
.'.#...........)#####.####.#
.#....#.########...........#
.###.##.# #o###.#######
..<...#.# #@#......#
##...##.# #.#.##.#.#
.'...+..# #.#.##.#.#
##...#### #.#....#'## #...#
#.........# #)..#
#.........# #...#
##........# #...# #........#
##### ##########


You could see an orc (combustible).

Vanquished Creatures
  An adder (D:2)
  A dart slug (D:2)
  3 orcs (D:2)
  4 ball pythons (D:2)
  6 goblins
  5 hobgoblins
  3 quokkas
  3 bats
  5 frilled lizards
  4 kobolds
  2 rats
37 creatures vanquished.

Vanquished Creatures (others)
  A plant (D:2)
1 creature vanquished.

Grand Total: 38 creatures vanquished

Notes
Turn   | Place    | Note
-------+----------+-------------------------------------------
     0 | D:1      | ragingrage the Demonspawn Cinder Acolyte began the quest
                  | for the Orb.
     0 | D:1      | Reached XP level 1. HP: 18/18 MP: 2/2
   706 | D:1      | You fall into a shaft and drop 1 floor!
   730 | D:1      | Gained mutation: You regenerate a little health from kills.
                  | [demonic ancestry]
   730 | D:1      | Reached XP level 2. HP: 19/24 MP: 3/3
   733 | D:1      | Learned a level 2 spell: Scorch
  1192 | D:2      | Found a faded altar of an unknown god.
  1257 | D:2      | Reached XP level 3. HP: 29/29 MP: 1/4
  1961 | D:2      | Slain by an orc

Illustrated notes

Levels and vault maps discovered:
D:1:      dpeg_arrival_arbitrary_c, layout_loops_ring
D:2:      layout_basic, shapermc_ecumenical_altar_ellora
D:3:      layout_rooms, uniq_sigmund

Skill      XL: |  1 |
---------------+----+-----
Polearms       | 3 |  3.5
Fire Magic     | 3 |  3.5
Fighting       | |  3.0
Spellcasting   | |  1.0

Action                   || total
-------------------------++-------
Melee: Spear             ||    91
       Punch             ||     1
 Cast: Scorch            ||    22
  Use: Potion            ||     3
 Stab: Distracted        ||     1
Armor: Robe              ||     3
       Ring mail         ||    30
Dodge: Dodged            ||    68

Table legend: (Time is in decaauts)
 A = Elapsed time spent in this place.
 B = Non-inter-level travel time spent in this place.
 C = Inter-level travel time spent in this place.
 D = Time resting spent in this place.
 E = Time spent auto-exploring this place.
 F = Levels seen in this place.
 G = Mean time per level.
                   A        B        C        D        E       F      G
               +--------+--------+--------+--------+--------+-----+--------+
         Total |   1956 |   1824 |    132 |    486 |   1021 |   3 |  652.0 |
       Dungeon |   1956 |   1824 |    132 |    486 |   1021 |   3 |  652.0 |
               +--------+--------+--------+--------+--------+-----+--------+

Top non-repeatable levels by time:
     D:1: 1041 daAuts
     D:2: 897 daAuts
     D:3: 17 daAuts
